 Dungeon Sprint DCSS version 0.31-a0-675-g238779eb0a (webtiles) character file.

Game seed: 688320282504680807

31934 sircluck the Brawler (level 13, -1/124 HPs)
             Began as a Troll Berserker on Sept 5, 2023.
             Was the Champion of Trog.
             Killed by a magical explosion (11 damage)
             ... in the Dungeon (Sprint II: "The Violet Keep of Menkaure").
             The game lasted 00:16:06 (1631 turns).

sircluck the Brawler (Troll Berserker)              Turns: 1631, Time: 00:16:06

Health: -1/124     AC: 14    Str: 38    XL:     13   Next: 28%
Magic:  13/13      EV:  9    Int: -1    God:    Trog [******]
Gold:   2328       SH:  0    Dex:  9    Spells: 12/12 levels left

rFire   + .          .
                       - Unarmed
rCold   + . .        (no shield)
rNeg    . . .        c - +0 gold dragon scales
rPois   +            (helmet restricted)
rElec   .            (no cloak)
rCorr   .            (gloves unavailable)
SInv    .            (boots unavailable)
Will    .....        (no amulet) Stlth
                     i - +6 ring of strength
HPRegen 1.20/turn    j - ring of flight
MPRegen 0.13/turn

%: no teleportation, random rage (9%)
@: on berserk cooldown, flying, heavily contaminated, slowed, lost intelligence,
glowing, unable to read, very slow
A: large, unfitting armour, claws 3, regeneration 1, shaggy fur 2, tough skin 1,
talons 1, berserk 2, deformed body, deterioration 1, dopey 2, frail 2, high MP
1, passive freeze, no potion heal 1, inability to read after injury 1
a: Renounce Religion, Berserk, Trog's Hand, Brothers in Arms


You were in the Dungeon.
You worshipped Trog.
Trog was exalted by your worship.
You visited 1 branch You collected 3060 gold pieces.
You spent 732 gold pieces at shops.

Inventory:

Armour
 a - a +0 animal skin
 b - +0 fire dragon scales
 c - +0 gold dragon scales (worn)
 p - the +3 hat of Pondering {ponderous, Will+ MP+10 Int+5}
   (You took it off Gastronok in the Dungeon)

   Int+5:     It affects your intelligence (+5).
   Will+:     It increases your willpower.
   MP+10:     It affects your magic capacity (+10).
Jewellery
 i - a +6 ring of strength (left claw)
 j - a ring of flight (right claw)
 s - an amulet of magic regeneration
 t - a ring of ice
Wands
 q - a wand of acid (3)
 r - a wand of charming (10)
Scrolls
 g - 2 scrolls of blinking
 h - a scroll of fear
 l - a scroll of fog {unknown}
 m - a scroll of enchant armour {unknown}
 o - a scroll of acquirement {unknown}
Potions
 d - 9 potions of haste
 e - 11 potions of magic
 f - a potion of berserk rage
 k - 8 potions of enlightenment
 n - 2 potions of experience {unknown}


   Skills:
 + Level 17.0 Fighting
 + Level 10.6 Armour
 + Level 16.8 Dodging
 + Level 19.7 Unarmed Combat


You had 12 spell levels left.
You didn't know any spells.
Your spell library was empty.

Dungeon Overview and Level Annotations

Branches:
Dungeon (1/1)

Altars:
Cheibriados
Dithmenos
Elyvilon
Fedhas
Gozag
Hepliaklqana
Kikubaaqudgha
Makhleb
Nemelex Xobeh
Okawaru
Qazlal
Ru
Sif Muna
Trog
Uskayaw
Vehumet
Wu Jian
Xom
Yredelemnul
Zin
The Shining One
Jiyva
Lugonu

Shops:
D *(!=:?[!??=:([[!(=!**==?[:=[((!*:(((


Innate Abilities, Weirdness & Mutations

You are too large for most types of armour.
You have claws for hands.
Your natural rate of healing is unusually fast.
You are covered in thick fur. (AC +2)
You have tough skin. (AC +1)
You have sharp toenails.
You have an uncontrollable temper.
Armour fits poorly on your strangely shaped body.
Your body sometimes deteriorates upon taking damage.
You are very dopey. (Int -4)
You are very frail. (-20% HP)
You have an increased reservoir of magic. (+10% MP)
A frigid envelope surrounds you and freezes all who hurt you.
Potions are less effective at restoring your health.
You occasionally lose the ability to read scrolls when taking damage.


Message History

The deep elf blademaster is severely wounded.
The deep elf blademaster hits you with a +0 short sword!
* * * LOW HITPOINT WARNING * * *
The deep elf blademaster is very cold.
The deep elf blademaster is severely wounded.
You closely miss the deep elf blademaster.
The deep elf blademaster is severely wounded.
The deep elf blademaster splashes around in the water.
The deep elf blademaster hits you but does no damage.
The deep elf blademaster is very cold.
The deep elf blademaster is almost dead.
The deep elf blademaster hits you with a +0 short sword!
* * * LOW HITPOINT WARNING * * *
The deep elf blademaster is very cold.
The deep elf blademaster is almost dead.
The deep elf blademaster hits you with a +0 short sword!
* * * LOW HITPOINT WARNING * * *
A red film seems to cover your vision as you go berserk!
You feel yourself moving faster!
You feel mighty!
The deep elf blademaster splashes around in the water.
The deep elf blademaster hits you with a +0 short sword!
* * * LOW HITPOINT WARNING * * *
The deep elf blademaster is very cold.
The deep elf blademaster is almost dead.
The deep elf blademaster hits you but does no damage.
The deep elf blademaster is very cold.
You kill the deep elf blademaster!
Trog accepts your kill.
You hear a splash. x4
You feel your strength returning.
Your Fighting skill increases to level 17!
Unknown command.
You feel a strong urge to attack something.
You feel your anger nearly subside.
You are no longer berserk.
You are exhausted.
You feel yourself slow down.
Your body shudders with the violent release of wild energies!
The magical storm engulfs you!
You die...

~#._._._..#§§~##§≈≈▓,,,,,,**
~#.._._._.#§§§≈####▓****~**
~#._._._._#~~§~§#*,,*,,*§#
~#_._._._.#~§§§≈≈#,,*,,*§#
~#._._._..#~§§§§≈+,,+,,*~#
≈#_._._...#~~§~§§#,,*,,*z#
≈#._._....#~~≈≈≈§▓,,*,,*~#
≈#_._.....#~≈§≈▓▓▓▓▓▓▓▓▓~#
≈##########~§≈≈▓@..≈≈≈≈)~#
##~~~~~~~~~≈≈§≈▓...≈≈≈≈~~#
##~########§▓▓▓▓▓▓▓▓▓≈≈~~#
##~#)...).#▓▓§≈§§≈≈§▓▓≈~~#
≈'~#|.)..)#▓≈≈§§§§§≈§▓▓~~#
####:|..|.'≈≈§§≈.§§≈≈§+~~#
####[..[.|##≈§§§§§§§≈#####
....)[.|.[###§§§§§§≈##
^...).))..# #########


There were no monsters in sight!

Vanquished Creatures
  Nikola (D)
  A deep elf blademaster (D)
  A kraken (D)
  Gastronok (D)
  A storm dragon (D)
  Nessos (D)
  A dire elephant (D)
  A fire dragon (D)
  A yaktaur captain (D)
  A centaur warrior (D)
  3 sixfirhies (D)
  An obsidian statue (D)
  An orange crystal statue (D)
  3 shining eyes (D)
  An oklob plant (D)
  3 orc sorcerers (D)
  An elephant (D)
  3 manticores (D)
  An ice statue (D)
  2 toenail golems (D)
  A merfolk siren (D)
  2 unseen horrors (D)
  A yaktaur (D)
  3 polar bears (D)
  A hornet (D)
  3 flying skulls (D)
  2 wyverns (D)
  3 yaks (D)
  A vampire mosquito (D)
  Menkaure (D)
  7 water moccasins (D)
  3 black bears (D)
  5 necrophages (D)
  4 lava snakes (D)
  A jelly (D)
  4 orc priests (D)
  An iron imp (D)
  3 worms (D)
  4 tentacles (D)
79 creatures vanquished.

Vanquished Creatures (collateral kills)
  the Lernaean hydra (D)
  A golden dragon (D)
  A bone dragon (D)
  Kirke (D)
  A frost giant (D)
  A cacodemon (D)
  A deep elf high priest (D)
  A death yak (D)
  A skeletal warrior (D)
  A kobold demonologist (D)
10 creatures vanquished.

Vanquished Creatures (others)
  3 tentacles (D)
3 creatures vanquished.

Grand Total: 92 creatures vanquished

Notes
Turn   | Place    | Note
-------+----------+-------------------------------------------
     0 | D        | sircluck the Troll Berserker began the quest for the Orb.
     0 | D        | Reached XP level 1. HP: 22/22 MP: 0/0
     1 | D        | Noticed a wyvern
     1 | D        | Noticed a wyvern
     7 | D        | Killed a wyvern
     8 | D        | Reached skill level 5 in Fighting
     8 | D        | Reached skill level 5 in Dodging
     8 | D        | Reached skill level 6 in Unarmed Combat
     8 | D        | Reached XP level 2. HP: 35/35 MP: 1/1
     8 | D        | Reached XP level 3. HP: 42/42 MP: 2/2
     8 | D        | Reached XP level 4. HP: 50/50 MP: 3/3
     8 | D        | Reached XP level 5. HP: 57/57 MP: 4/4
    12 | D        | Killed a wyvern
    13 | D        | Reached skill level 8 in Unarmed Combat
    13 | D        | Reached XP level 6. HP: 41/68 MP: 5/5
    18 | D        | Noticed a flying skull
    18 | D        | Noticed a flying skull
    18 | D        | Noticed a flying skull
    18 | D        | Noticed a flying skull
    18 | D        | Noticed a flying skull
    19 | D        | Noticed a flying skull
    19 | D        | Noticed a flying skull
    19 | D        | Noticed a flying skull
    19 | D        | Noticed a flying skull
    19 | D        | Noticed a flying skull
    19 | D        | Noticed a flying skull
    20 | D        | Noticed Menkaure
    21 | D        | Noticed a flying skull
    22 | D        | Found Veaseth's Weapon Shoppe.
    22 | D        | Found Tuppaps's Antique Weapon Emporium.
    24 | D        | Killed Menkaure
    24 | D        | Reached ** piety under Trog
    25 | D        | Found Doafeyci's Jewellery Emporium.
    25 | D        | Found Roin's Antique Armour Shoppe.
    26 | D        | Found Yragud's Armour Shoppe.
    26 | D        | Found Qenu's Book Emporium.
    27 | D        | Found Fululah's Jewellery Shoppe.
    28 | D        | Found Nilaet's Distillery.
    29 | D        | Found Emorhiar's Antique Armour Emporium.
    29 | D        | Found Xock's Antique Armour Shoppe.
    29 | D        | Noticed a yak
    29 | D        | Noticed a yak
    40 | D        | Noticed an ice statue
    43 | D        | Noticed a water moccasin
    49 | D        | Killed a water moccasin
    50 | D        | Reached skill level 9 in Unarmed Combat
    55 | D        | Found a glowing silver altar of Zin.
    55 | D        | Found a radiant altar of Vehumet.
    56 | D        | Found an iron altar of Okawaru.
    73 | D        | Noticed a merfolk siren
    78 | D        | Killed a merfolk siren
    78 | D        | Reached *** piety under Trog
    79 | D        | Reached skill level 10 in Unarmed Combat
    79 | D        | Reached XP level 7. HP: 81/81 MP: 6/6
   126 | D        | Reached **** piety under Trog
   139 | D        | Reached XP level 8. HP: 67/92 MP: 7/7
   148 | D        | Found Bouck's Magic Scroll Shoppe.
   148 | D        | Found Neamir's Magic Scroll Emporium.
   148 | D        | Noticed an oklob plant
   149 | D        | Found Ulamuol's Distillery.
   149 | D        | Found Guohei Nuos's Jewellery Shoppe.
   149 | D        | Found Ubboep's Book Shoppe.
   169 | D        | Bought a scroll of revelation for 90 gold pieces
   188 | D        | Bought a +6 ring of strength for 432 gold pieces
   188 | D        | Bought a ring of flight for 210 gold pieces
   202 | D        | Reached ***** piety under Trog
   232 | D        | Found a sparkling altar of Nemelex Xobeh.
   233 | D        | Found an opulent altar of Gozag.
   233 | D        | Found a burning altar of Makhleb.
   233 | D        | Found a hide-covered altar of Uskayaw.
   233 | D        | Found a bloodstained altar of Trog.
   239 | D        | Found a blossoming altar of Fedhas.
   239 | D        | Found a corrupted altar of Lugonu.
   239 | D        | Found a basalt altar of Yredelemnul.
   239 | D        | Found a shimmering blue altar of Sif Muna.
   239 | D        | Found a shimmering altar of Xom.
   240 | D        | Found a white marble altar of Elyvilon.
   240 | D        | Found an ancient bone altar of Kikubaaqudgha.
   240 | D        | Found a sacrificial altar of Ru.
   241 | D        | Found a glowing golden altar of the Shining One.
   241 | D        | Found an ornate altar of the Wu Jian Council.
   273 | D        | Noticed Kirke
   273 | D        | Noticed a kobold demonologist
   273 | D        | Noticed a skeletal warrior
   274 | D        | Noticed a yaktaur captain
   274 | D        | Noticed an elephant
   276 | D        | Noticed a centaur warrior
   279 | D        | Noticed a manticore
   285 | D        | Killed Kirke
   286 | D        | Reached skill level 10 in Fighting
   286 | D        | Reached skill level 10 in Dodging
   286 | D        | Reached skill level 12 in Unarmed Combat
   286 | D        | Reached XP level 9. HP: 102/102 MP: 8/8
   286 | D        | Killed a yaktaur captain
   286 | D        | Noticed a death yak
   287 | D        | Reached skill level 13 in Unarmed Combat
   292 | D        | Killed a centaur warrior
   292 | D        | Killed a skeletal warrior
   293 | D        | Reached XP level 10. HP: 79/115 MP: 9/9
   296 | D        | Killed an elephant
   297 | D        | Reached skill level 14 in Unarmed Combat
   300 | D        | Killed a death yak
   305 | D        | Identified the +6 great sword of Doom {flame, rPois rF++}
                  | (Trog gifted it to you in the Dungeon)
   305 | D        | Received a gift from Trog
   391 | D        | Noticed a fire dragon
   391 | D        | Noticed a manticore
   391 | D        | Noticed a manticore
   391 | D        | Noticed a shining eye
   391 | D        | Noticed a shining eye
   495 | D        | Noticed a shining eye
   501 | D        | Killed a fire dragon
   502 | D        | Reached skill level 15 in Unarmed Combat
   503 | D        | Gained mutation: Potions are less effective at restoring
                  | your health. [a shining eye]
   503 | D        | Gained mutation: You sometimes lose your temper in combat.
                  | [a shining eye]
   504 | D        | Killed a shining eye
   504 | D        | Received a gift from Trog
   506 | D        | Killed a shining eye
   511 | D        | Killed a manticore
   513 | D        | Killed a manticore
   515 | D        | Noticed a manticore
   516 | D        | Gained mutation: You have an increased reservoir of magic.
                  | (+10% MP) [a shining eye]
   518 | D        | Gained mutation: You have hidden genetic potential. [a
                  | shining eye]
   524 | D        | Killed a shining eye
   525 | D        | Reached XP level 11. HP: 69/127 MP: 11/11
   549 | D        | Found Lesaorr's Assorted Antiques.
   549 | D        | Found Simigua's Armour Shop.
   549 | D        | Found Xastriet's Weapon Shop.
   549 | D        | Found Renig's Distillery.
   549 | D        | Found Faipresk's Weapon Boutique.
   550 | D        | Found Hecwen's Book Shoppe.
   550 | D        | Found Neog's Weapon Boutique.
   550 | D        | Found Itsosaecs's Assorted Antiques.
   550 | D        | Found Lits's Jewellery Shop.
   550 | D        | Found Kikeiw Epoc's Jewellery Emporium.
   550 | D        | Found Pyl Eci's Assorted Antiques.
   550 | D        | Found Ezeav's Magic Scroll Shoppe.
   630 | D        | Noticed a golden dragon
   630 | D        | Noticed a storm dragon
   630 | D        | Noticed a cacodemon
   636 | D        | Gained mutation: You are covered in thick fur. (AC +2) [a
                  | cacodemon]
   640 | D        | Killed a cacodemon
   641 | D        | Reached skill level 1 in Armour
   641 | D        | Reached skill level 16 in Unarmed Combat
   643 | D        | Killed a golden dragon
   650 | D        | Noticed a bone dragon
   654 | D        | Killed a bone dragon
   656 | D        | Killed a storm dragon
   656 | D        | Received a gift from Trog
   656 | D        | Noticed a deep elf high priest
   657 | D        | Reached skill level 5 in Armour
   657 | D        | Reached skill level 17 in Unarmed Combat
   657 | D        | Killed a deep elf high priest
   658 | D        | Noticed a frost giant
   661 | D        | Noticed a golden dragon
   661 | D        | Found Hoebb's Distillery.
   661 | D        | Found Udaamar's Antique Weapon Shop.
   661 | D        | Found Ziuwes's Antique Weapon Shoppe.
   661 | D        | Found Wyhiyf's Antique Weapon Boutique.
   663 | D        | Killed a frost giant
   675 | D        | Gained mutation: You have sharp toenails. [hidden
                  | potential]
   776 | D        | Reached skill level 15 in Fighting
   776 | D        | Reached XP level 12. HP: 141/141 MP: 12/12
   784 | D        | Noticed Nikola
   796 | D        | Noticed the 27-headed Lernaean hydra
   830 | D        | Reached ****** piety under Trog
   831 | D        | Reached skill level 15 in Dodging
   833 | D        | Received a gift from Trog
   903 | D        | Killed Nikola
   903 | D        | Received a gift from Trog
   904 | D        | Reached skill level 18 in Unarmed Combat
   962 | D        | Killed the 26-headed Lernaean hydra
  1008 | D        | Found Vajaed's Jewellery Shoppe.
  1040 | D        | Identified the +12 dagger of Trog's Righteous Anger {heavy,
                  | Str+2} (Trog gifted it to you in the Dungeon)
  1040 | D        | Received a gift from Trog
  1041 | D        | Found Jeotsy's Assorted Antiques.
  1041 | D        | Found Koemod's Book Shoppe.
  1129 | D        | Found a stormy altar of Qazlal.
  1129 | D        | Found a viscous altar of Jiyva.
  1129 | D        | Found a shadowy altar of Dithmenos.
  1130 | D        | Found a hazy altar of Hepliaklqana.
  1130 | D        | Found a snail-covered altar of Cheibriados.
  1148 | D        | Gained mutation: A frigid envelope surrounds you and
                  | freezes all who hurt you. [hidden potential]
  1148 | D        | Lost mutation: You have hidden genetic potential. [hidden
                  | potential expressed]
  1152 | D        | Noticed a kraken
  1168 | D        | Killed a kraken
  1261 | D        | Found Jolesook's Distillery.
  1263 | D        | Found Otinu's Magic Scroll Shop.
  1264 | D        | Noticed Nessos
  1271 | D        | Killed Nessos
  1271 | D        | Received a gift from Trog
  1272 | D        | Reached skill level 19 in Unarmed Combat
  1320 | D        | Reached XP level 13. HP: 113/154 MP: 13/13
  1324 | D        | Noticed Gastronok
  1329 | D        | Killed Gastronok
  1329 | D        | Received a gift from Trog
  1381 | D        | Found the +3 Mad Mage's Maulers {Infuse+∞ VampMP -Cast}
  1381 | D        | Noticed a dire elephant
  1389 | D        | Killed a dire elephant
  1390 | D        | Reached skill level 10 in Armour
  1410 | D        | Received a gift from Trog
  1469 | D        | Identified the +9 flail of Big Damage {spect, +Blink}
  1479 | D        | Identified the staff "Zaocre" {rC+ Str+4 Stlth+ Ice}
  1482 | D        | Identified the +8 spear of Red Guile {drain, rCorr MP+9}
  1500 | D        | Gained mutation: You are dopey. (Int -2) [mutagenic glow]
  1527 | D        | Gained mutation: Your body sometimes deteriorates upon
                  | taking damage. [mutagenic glow]
  1534 | D        | Gained mutation: You have an uncontrollable temper.
                  | [mutagenic glow]
  1554 | D        | Gained mutation: Armour fits poorly on your strangely
                  | shaped body. [mutagenic glow]
  1573 | D        | Gained mutation: You are frail. (-10% HP) [mutagenic glow]
  1597 | D        | Gained mutation: You occasionally lose the ability to read
                  | scrolls when taking damage. [mutagenic glow]
  1612 | D        | Noticed a deep elf blademaster
  1612 | D        | Lost intelligence.
  1612 | D        | Gained mutation: You are very dopey. (Int -4) [mutagenic
                  | glow]
  1622 | D        | Gained mutation: You are very frail. (-20% HP) [mutagenic
                  | glow]
  1625 | D        | HP: 4/184 [deep elf blademaster/+0 short sword (15)]
  1625 | D        | Killed a deep elf blademaster
  1631 | D        | Killed by a magical explosion

Illustrated notes

Levels and vault maps discovered:
D:        the_violet_keep_of_menkaure [sprint2_stairs_cluster_1,
          sprint2_shoproom, sprint2_temple, sprint2_basic_supplies,
          sprint2_obstacle_2, sprint2_obstacle_5, sprint2_obstacle_1,
          sprint2_obstacle_3, sprint2_obstacle_4, sprint2_timed_cluster_1,
          sprint2_smallroom_cluster_1, sprint2_smallroom_final_cluster_1,
          sprint2_transparent_cluster_1, sprint2_second_timed_cluster_1,
          sprint2_sniper_area_1, sprint2_heavy_combat_area_1,
          sprint2_mutation_trap_area_1, sprint2_forest_area_1,
          sprint2_light_combat_area_1, sprint2_behind_water_1,
          sprint2_near_end_vault_1]

Skill      XL: |  1  2  3  4  5  6  7  8  9 10 11 12 13 |
---------------+----------------------------------------+-----
Fighting       | 5 6 8 9 10 11 13 15 16 17 | 17.0
Dodging        | 5 6 8 9 10 11 13 14 16 | 16.8
Unarmed Combat | 6 8 10 12 13 15 17 19 | 19.7
Armour         | 6 9 10 | 10.6

Action                     |  1- 3 |  4- 6 |  7- 9 | 10-12 | 13-15 || total
---------------------------+-------+-------+-------+-------+-------++-------
  Melee: Unarmed           |     5 |    15 |    40 |   164 |    37 ||   261
         Punch             |       |       |     6 |    16 |     5 ||    27
         Kick              |       |       |       |    28 |     8 ||    36
 Invoke: Berserk           |     1 |       |     1 |     3 |     1 ||     6
         Brothers in Arms  |       |       |     2 |     4 |       ||     6
  Evoke: Wand              |       |       |       |       |     1 ||     1
    Use: Potion            |       |       |       |     3 |     2 ||     5
         Scroll            |       |       |       |     2 |       ||     2
   Stab: Distracted        |       |       |       |     1 |       ||     1
 Armour: Animal skin       |     1 |     5 |    39 |    46 |       ||    91
         Gold dragon scale |       |       |       |   141 |    60 ||   201
         Fire dragon scale |       |       |       |     9 |       ||     9
  Dodge: Dodged            |     3 |     8 |    25 |    71 |     5 ||   112

Table legend: (Time is in decaauts)
 A = Elapsed time spent in this place.
 B = Non-inter-level travel time spent in this place.
 C = Inter-level travel time spent in this place.
 D = Time resting spent in this place.
 E = Time spent auto-exploring this place.
 F = Levels seen in this place.
 G = Mean time per level.
                   A        B        C        D        E       F      G
               +--------+--------+--------+--------+--------+-----+--------+
         Total |   1633 |   1573 |     60 |    424 |     67 |   1 | 1633.0 |
       Dungeon |   1633 |   1573 |     60 |    424 |     67 |   1 | 1633.0 |
               +--------+--------+--------+--------+--------+-----+--------+

Top non-repeatable levels by time:
       D: 1633 daAuts
